 Dungeon Crawl Stone Soup version 0.31.0-32-g396128a36d (webtiles) character file.

Game seed: 4131660300189443322

861 PaiMei the Purveyor of Pain (level 7, -3/54 HPs)
             Began as a Demonspawn Necromancer on Mar 29, 2024.
             Was an Initiate of Kikubaaqudgha.
             Slain by a phantom (7 damage)
             ... on level 5 of the Dungeon.
             The game lasted 00:07:28 (6529 turns).

PaiMei the Purveyor of Pain (DsNe)                  Turns: 6529, Time: 00:07:29

Health: -3/54      AC:  4    Str:  9    XL:     7   Next: 71%
Magic:  13/13      EV: 13    Int: 17    God:    Kikubaaqudgha [......]
Gold:   393        SH:  0    Dex: 13    Spells: 10/14 levels left

rFire   . . .        x - +1 spear (venom)
rCold   . . .        (no shield)
rNeg    . . .        a - +0 robe
rPois   .            s - +0 helmet
rElec   .            (no cloak)
rCorr   .            (no gloves)
SInv    +            l - +0 pair of boots
Will    .....        c - amulet of the acrobat
Stlth   ++           j - ring of see invisible
HPRegen 0.29/turn    (no ring)
MPRegen 0.13/turn

%: acrobat
@: no status effects
A: claws 1, hooves 2, demonic magic 1
a: Renounce Religion


You were on level 5 of the Dungeon.
You worshipped Kikubaaqudgha.
Kikubaaqudgha was noncommittal.
You visited 2 branches of the dungeon, and saw 6 of its levels.

You collected 393 gold pieces.

Inventory:

Hand Weapons
 x - a +1 spear of venom (weapon)
Armour
 a - a +0 robe (worn)
 l - a +0 pair of boots (worn)
 s - a +0 helmet (worn)
Jewellery
 c - an amulet of the acrobat (around neck)
 j - a ring of see invisible (left claw)
Wands
 t - a wand of digging (4)
Scrolls
 f - a scroll of enchant armour {unknown}
 g - a scroll of summoning {unknown}
 h - 3 scrolls of teleportation {unknown}
 i - a scroll of amnesia {unknown}
 m - 2 scrolls of enchant weapon {unknown}
 n - a scroll of identify {unknown}
 o - a scroll of noise {unknown}
 r - a scroll of blinking {unknown}
 w - a scroll of fear {unknown}
Potions
 b - a potion of magic
 d - a potion of might {unknown}
 e - 4 potions of heal wounds {unknown}
 k - 2 potions of curing {unknown}
 p - 3 potions of lignification {unknown}
 q - a potion of brilliance {unknown}
 u - a potion of enlightenment {unknown}
 v - 2 potions of mutation {unknown}
 z - a potion of berserk rage {unknown}


   Skills:
 + Level 4.0 Fighting
 + Level 4.3 Dodging
 - Level 2.0 Stealth
 + Level 4.3 Spellcasting
 + Level 6.5 Necromancy


You had 10 spell levels left.
You knew the following spells:

 Your Spells              Type           Power      Damage    Failure   Level
a - Necrotise             Necr           100%       1d9       1%          1
b - Vampiric Draining     Necr           25%        2d7       3%          3

Your spell library contained the following spells:

 Spells                   Type           Power      Damage    Failure   Level
 Animate Dead             Necr           25%        N/A       11%         4
 Foxfire                  Conj/Fire      12%        2x1d4     16%         1
 Scorch                   Fire           6%         2d5       22%         2
 Curse of Agony           Necr           25%        N/A       28%         5
 Gell's Gravitas          Tloc           3%         N/A       41%         3
 Teleport Other           Tloc           3%         N/A       41%         3
 Volatile Blastmotes      Fire/Tloc      6%         2d10      41%         3
 Borgnjor's Vile Clutch   Necr/Erth      7%         N/A       73%         5
 Death Channel            Necr           12%        N/A       85%         6
 Dispersal                Tloc           1%         N/A       100%        6
 Plasma Beam              Fire/Air       1%         2x1d11    100%        6
 Malign Gateway           Summ/Tloc      1%         N/A       100%        7


Dungeon Overview and Level Annotations

Branches:
Dungeon (5/15)             Temple (1/1) D:4

Altars:
Ashenzari
Cheibriados
Dithmenos
Fedhas
Hepliaklqana
Kikubaaqudgha
Nemelex Xobeh
Okawaru
Qazlal
Ru
Trog
Uskayaw
Vehumet
Wu Jian
Xom
Yredelemnul


Innate Abilities, Weirdness & Mutations

You have sharp fingernails.
You have hoof-like feet.
Spells you cast may paralyse adjacent enemies.


Message History

The phantom misses you.
You hit the phantom but do no damage.
The phantom is heavily damaged.
The phantom barely misses you.
You hit the phantom.
The phantom is severely damaged.
The phantom barely misses you.
You hit the phantom.
The phantom is severely damaged.
The phantom hits you!
* * * LOW HITPOINT WARNING * * *
You completely miss the phantom.
The phantom is severely damaged.
The phantom hits you.
* * * LOW HITPOINT WARNING * * *
The phantom blinks!
You blink.
The phantom completely misses you.
You closely miss the phantom.
The phantom is severely damaged.
The phantom misses you.
You hit the phantom.
The phantom is severely damaged.
The phantom hits you!
* * * LOW HITPOINT WARNING * * *
You closely miss the phantom.
The phantom is severely damaged.
The phantom hits you.
* * * LOW HITPOINT WARNING * * *
The phantom blinks!
You blink.
You miss the phantom.
The phantom is severely damaged.
The phantom barely misses you. The phantom closely misses you.
You miss the phantom.
The phantom is severely damaged.
The phantom completely misses you.
You closely miss the phantom.
The phantom is severely damaged.
The phantom hits you!
You die...
Kikubaaqudgha rasps: "You have failed me!
Welcome... death!"

#######'#####.............#.....
#.........................#.....
#.........................'.....
#..........###'############.....
#...>#######....................
#######..........................
#................................
#................................
#...............@W.............%.
#).......(.......>...........>...
#......###############......###'#
#......#.............'......#...#
#......#.............#......#...#
#......#....<........#......#...#
#......#.............#......#...#
#......#######.......#......#...#
#............#.......#......##+##


You could see a phantom.

Vanquished Creatures
  A water moccasin (D:3)
  An ice beast (D:5)
  An ogre (D:4)
  A phantom (D:5)
  A bullfrog (D:4)
  A scorpion (D:5)
  A bombardier beetle (D:5)
  2 jellies
  3 iguanas (D:5)
  An orc wizard (D:3)
  6 adders
  A white imp (D:4)
  5 dart slugs
  A ribbon worm (D:2)
  9 orcs
  3 ball pythons
  3 bats
  7 endoplasms
  A giant cockroach (D:2)
  7 hobgoblins
  4 jackals (D:1)
  4 quokkas
  7 frilled lizards
  17 goblins
  4 kobolds
  3 rats
95 creatures vanquished.

Vanquished Creatures (collateral kills)
  A kobold (D:1)
  A rat (D:1)
2 creatures vanquished.

Grand Total: 97 creatures vanquished

Notes
Turn   | Place    | Note
-------+----------+-------------------------------------------
     0 | D:1      | PaiMei the Demonspawn Necromancer began the quest for the
                  | Orb.
     0 | D:1      | Reached XP level 1. HP: 13/13 MP: 3/3
   251 | D:1      | Discovered your monstrous ancestry.
   251 | D:1      | Gained mutation: You have large cloven feet. [demonic
                  | ancestry]
   251 | D:1      | Reached XP level 2. HP: 19/19 MP: 3/5
   485 | D:1      | Got the Thoughts on Productive Anthracomancy
   849 | D:1      | Gained mutation: Spells you cast may paralyse adjacent
                  | enemies. [demonic ancestry]
   849 | D:1      | Reached XP level 3. HP: 25/25 MP: 4/6
  1272 | D:1      | Learned a level 3 spell: Vampiric Draining
  1365 | D:2      | Reached skill level 1 in Fighting
  1784 | D:2      | Found a faded altar of an unknown god.
  1793 | D:2      | Got Plato's Incunable of Ashes
  2185 | D:2      | Gained mutation: You have sharp fingernails. [demonic
                  | ancestry]
  2185 | D:2      | Reached XP level 4. HP: 32/32 MP: 0/7
  2382 | D:3      | Noticed a water moccasin
  2661 | D:3      | Killed a water moccasin
  2662 | D:3      | Reached skill level 5 in Necromancy
  2662 | D:3      | Reached XP level 5. HP: 17/38 MP: 0/9
  3623 | D:4      | Found a staircase to the Ecumenical Temple.
  3632 | Temple   | Entered the Ecumenical Temple
  3642 | Temple   | Became a worshipper of Kikubaaqudgha
  3707 | D:4      | Noticed an ogre
  3713 | D:4      | Killed an ogre
  3714 | D:4      | Gained mutation: You have hoof-like feet. [demonic
                  | ancestry]
  3714 | D:4      | Reached XP level 6. HP: 46/46 MP: 2/11
  4427 | D:5      | Entered Level 5 of the Dungeon
  5356 | D:5      | Reached skill level 6 in Necromancy
  5356 | D:5      | Reached XP level 7. HP: 7/52 MP: 12/12
  6529 | D:5      | Slain by a phantom

Illustrated notes

Levels and vault maps discovered:
D:1:      scummos_arrival_gate, layout_basic
D:2:      layout_basic, shapermc_ecumenical_altar_rom_forum,
          kennysheep_nondescript
D:3:      layout_basic
D:4:      layout_basic, nicolae_tso_carved_into_rock,
          minmay_temple_entry_nine_rooms, dk_noncrumbling_2, chequers_arboretum,
          minmay_statues_item
D:5:      layout_gridville
Temple:   sentei_temple_godly_chess

Skill      XL: |  1  2  3  4  5  6  7 |
---------------+----------------------+-----
Dodging        | 2 3 4 |  4.3
Stealth        | 2 |  2.0
Fighting       | 1 2 3 4 |  4.0
Spellcasting   | 3 4 |  4.3
Necromancy     | 5 6 |  6.5

Action                     |  1- 3 |  4- 6 |  7- 9 || total
---------------------------+-------+-------+-------++-------
  Melee: Club              |    24 |    31 |       ||    55
         Kick              |     4 |       |       ||     4
         Morningstar       |       |    23 |     7 ||    30
         Spear             |       |       |    30 ||    30
         Punch             |       |       |     2 ||     2
   Cast: Necrotise         |    80 |    80 |    31 ||   191
         Vampiric Draining |       |     6 |     8 ||    14
   Stab: Paralysed         |     1 |     7 |     3 ||    11
 Armour: Robe              |    18 |    52 |    31 ||   101
  Dodge: Dodged            |    34 |    46 |    36 ||   116
